 Dungeon Crawl Stone Soup version 0.28-a0-1182-g381e24db82 (webtiles) character file.

Game seed: 11683751808335330087

417 bearlyready the Conjurer (level 6, -5/45 HPs)
             Began as a Draconian Conjurer on Dec 17, 2021.
             Was an Initiate of Ashenzari.
             Slain by Duvessa (11 damage)
             ... on level 4 of the Dungeon.
             The game lasted 00:13:34 (6480 turns).

bearlyready the Conjurer (Draconian Conjurer)       Turns: 6480, Time: 00:13:34

Health: -5/45      AC:  7    Str:  8 (9)  XL:     6   Next: 61%
Magic:  1/9        EV: 11    Int: 18 (21) God:    Ashenzari [......]
Gold:   55         SH:  6    Dex:  7 (9)  Spells: 2/9 levels left

rFire   . . .      SeeInvis .   d - +0 dagger
rCold   . . .      Faith    .   c - +2 buckler of the Fated Apathy {Evo, Bglg} (curse)
rNeg    . . .      Spirit   .   (armour unavailable)
rPois   .          Reflect  .   (helmet restricted)
rElec   .          Harm     .   (no cloak)
rCorr   +          Rampage  .   (no gloves)
Will    .....                   e - +0 pair of boots
Stlth   +.........              (no amulet)
HPRegen 0.15/turn               a - ring of resist corrosion
MPRegen 0.11/turn               (no ring)

@: flying
A: AC +6, unfitting armour, cold-blooded
a: Renounce Religion, Shatter the Chains


You were on level 4 of the Dungeon.
You worshipped Ashenzari.
Ashenzari was noncommittal.
You visited 1 branch of the dungeon, and saw 4 of its levels.

You collected 94 gold pieces.
You spent 39 gold pieces at shops.

Inventory:

Hand Weapons
 d - a +0 dagger (weapon)
 k - a +0 spear
Missiles
 f - 5 silver boomerangs
 g - 4 boomerangs
Armour
 c - the cursed +2 buckler of the Fated Apathy (worn) {Evo, Bglg}
   (You found it on level 1 of the Dungeon)

   It has a curse which improves the following skills: Evocations: Evocations.
   Beguiling: Conjurations, Hexes and Translocations.
 e - a +0 pair of boots (worn)
Jewellery
 a - a ring of resist corrosion (left hand)
Wands
 l - a wand of flame (18)
Scrolls
 b - a scroll of immolation
 h - 2 scrolls of teleportation
 i - a scroll of fog
Potions
 m - a potion of resistance


   Skills:
 - Level 1.7 Dodging
 - Level 1.7 Stealth
 - Level 3.0 Shields
 - Level 2.0 Spellcasting
 + Level 6.4(7.0) Conjurations
 + Level 2.7(3.1) Hexes


You had 2 spell levels left.
You knew the following spells:

 Your Spells              Type           Power      Damage    Failure   Level
a - Magic Dart            Conj           100%       1d8       1%          1
b - Searing Ray           Conj           54%        2d6       1%          2
c - Fulminant Prism       Conj/Hex       10%        3d9       24%         4

Your spell library contained the following spells:

 Spells                   Type           Power      Damage    Failure   Level
 Animate Skeleton         Necr           2%         N/A       21%         1
 Apportation              Tloc           4%         N/A       21%         1
 Summon Small Mammal      Summ           4%         N/A       21%         1
 Corpse Rot               Necr/Air       2%         N/A       30%         2
 Poisonous Vapours        Pois/Air       2%         N/A       30%         2
 Dazzling Flash           Conj/Hex       40%        N/A       8%          3
 Conjure Flame            Conj/Fire      14%        6-21      14%         3
 Iskenderun's Mystic Bla  Conj/Tloc      14%        2d5       43%         4
 Sticky Flame             Conj/Fire      14%        2d4       43%         4
 Ignite Poison            Fire/Tmut/Pois 1%         N/A       52%         3


Dungeon Overview and Level Annotations

Branches:
Dungeon (4/15)
 Temple: D:4-7

Altars:
Ashenzari
Ru
Yredelemnul
Zin

Shops:
D:2 !   D:3 ?

Annotations:
D:3 Grinder, Sigmund
D:4 Duvessa


Innate Abilities, Weirdness & Mutations

Your plain brown scales are hard. (AC +6)
You cannot fit into any form of body armour.
You are cold-blooded and may be slowed by cold attacks.


Message History

Aiming: Magic Dart (safe; 1% risk of failure)
Press: ? - help, Q - select action, (/) - cycle Shift-Dir - straight line, f/p - Duvessa
Aim: Duvessa, wielding a +0 rapier and wearing a +0 chain mail (severely wounded, berserk, 100% to hit)
The magic dart hits Duvessa but does no damage.
Duvessa is severely wounded.
You block Duvessa's attack. x2
You completely miss Duvessa.
Duvessa is severely wounded.
You block Duvessa's attack.
You hit Duvessa but do no damage.
Duvessa is severely wounded.
You block Duvessa's attack. x2
You hit Duvessa but do no damage.
Duvessa is severely wounded.
Duvessa barely misses you.
You barely miss Duvessa.
Duvessa is severely wounded.
Duvessa barely misses you. Duvessa hits you with a +0 rapier.
* * * LOW HITPOINT WARNING * * *
You closely miss Duvessa.
Duvessa is severely wounded.
Duvessa hits you with a +0 rapier.
* * * LOW HITPOINT WARNING * * *
You feel better. Duvessa hits you with a +0 rapier.
* * * LOW HITPOINT WARNING * * *
Duvessa hits you with a +0 rapier.
* * * LOW HITPOINT WARNING * * *
Aiming: Throw Flame
Press: ? - help, Shift-Dir - straight line, f/p - Duvessa
Aim: Duvessa, wielding a +0 rapier and wearing a +0 chain mail (severely wounded, berserk, 81% to hit)
The puff of flame hits Duvessa.
Duvessa is severely wounded.
You block Duvessa's attack.
Aiming: Throw Flame
Press: ? - help, Shift-Dir - straight line, f/p - Duvessa
Aim: Duvessa, wielding a +0 rapier and wearing a +0 chain mail (severely wounded, berserk, 81% to hit)
The puff of flame hits Duvessa but does no damage.
Duvessa is severely wounded.
Duvessa hits you with a +0 rapier!
You die...

#..###.####....##.##
#.. ##.##..##.###.#
##. ##...###.###.##
#. ##)....e.##..#
#....###...#.#
##.##.#####.... #.
#.###.<# ##..##
...####e# ##.# ##.#
........@# #.. #.#
.#.......## #....
...
##....###..####...
..# #...#
##......... #..#
##........... #..##
##..........###
#^.###..#.......#
#<.....###......#
#_....## #.....#


You could see Duvessa (berserk).

Vanquished Creatures
  A black bear (D:4)
  Dowan (D:4)
  A hound skeleton (D:4)
  Robin (D:2)
  7 adders
  7 gnolls
  2 adder skeletons (D:4)
  2 worms (D:2)
  3 dart slugs
  2 orcs
  4 bats
  11 endoplasms
  5 giant cockroaches
  19 goblins
  9 hobgoblins
  7 jackals (D:1)
  4 kobolds
  7 ball pythons
  5 frilled lizards
  3 rats
101 creatures vanquished.

Vanquished Creatures (others)
  2 fulminant prisms
2 creatures vanquished.

Grand Total: 103 creatures vanquished

Notes
Turn   | Place    | Note
-------+----------+-------------------------------------------
     0 | D:1      | bearlyready the Draconian Conjurer began the quest for the
                  | Orb.
     0 | D:1      | Reached XP level 1. HP: 14/14 MP: 3/3
   247 | D:1      | Found a faded altar of an unknown god.
   687 | D:1      | Reached XP level 2. HP: 17/20 MP: 0/5
  1247 | D:1      | Learned a level 2 spell: Searing Ray
  1615 | D:1      | Reached skill level 5 in Conjurations
  1923 | D:1      | Reached XP level 3. HP: 20/26 MP: 2/6
  2665 | D:2      | Noticed Robin
  2753 | D:2      | Reached skill level 1 in Shields
  2955 | D:2      | Killed Robin
  2956 | D:2      | Reached XP level 4. HP: 33/33 MP: 2/7
  3360 | D:2      | Learned a level 4 spell: Fulminant Prism
  3489 | D:2      | Found Qeicynule's Distillery.
  3610 | D:2      | Bought a potion of curing for 39 gold pieces
  3660 | D:2      | Reached XP level 5. HP: 29/38 MP: 3/8
  3858 | D:2      | Reached skill level 1 in Hexes
  3997 | D:3      | Found Pafeomu's Magic Scroll Boutique.
  4297 | D:3      | Noticed Grinder
  4646 | D:3      | Found a broken altar of Ashenzari.
  4782 | D:3      | Noticed Sigmund
  4967 | D:3      | Became a worshipper of Ashenzari the Shackled
  5005 | D:3      | Found a sacrificial altar of Ru.
  5223 | D:3      | Found a basalt altar of Yredelemnul.
  5306 | D:3      | Reached skill level 6 in Conjurations
  5451 | D:4      | Found a glowing silver altar of Zin.
  5501 | D:4      | Noticed Duvessa
  5502 | D:4      | Noticed Dowan
  5788 | D:4      | Reached XP level 6. HP: 42/45 MP: 9/9
  6464 | D:4      | Killed Dowan
  6480 | D:4      | Slain by Duvessa

Illustrated notes

Levels and vault maps discovered:
D:1:      tarquinn_simple_flora_water_b, layout_loops_corners, serial_forest,
          infiniplex_forest_fountain, infiniplex_forest_lined_3_way,
          infiniplex_forest_end_2, infiniplex_forest_diagonal,
          infiniplex_forest_lined_room_2, infiniplex_forest_lined_corner,
          infiniplex_forest_clump_medium,
          shapermc_ecumenical_altar_mp_urbaneastern, minmay_worlds_worst_comb
D:2:      layout_rooms, serial_shops, shop, uniq_robin
D:3:      layout_rooms, lemuel_round_altar, nicolae_overflow_crystal_walls,
          mainiacjoe_overflow_24_doors, serial_shops, shop_fountains,
          kennysheep_boxes, uniq_sigmund, uniq_grinder
D:4:      layout_layer_cave, overflow_temple_1_default,
          minmay_temple_entry_fiery, minmay_close_crescents, uniq_duvessa

Skill      XL: |  1  2  3  4  5  6 |
---------------+-------------------+-----
Conjurations   | 5 6 |  6.4
Shields        | 1 2 3 |  3.0
Hexes          | 1 2 |  2.7
Dodging        | |  1.7
Stealth        | |  1.7
Spellcasting   | |  2.0

Action                   |  1- 3 |  4- 6 || total
-------------------------+-------+-------++-------
Melee: Unarmed           |   165 |       ||   165
       Tailslap          |    19 |    24 ||    43
       Dagger            |    52 |   247 ||   299
Throw: Boomerang         |       |     3 ||     3
 Cast: Magic Dart        |    22 |     2 ||    24
       Searing Ray       |     8 |    24 ||    32
       Fulminant Prism   |       |     2 ||     2
Invok: Curse Item        |       |     1 ||     1
Evoke: Wand              |       |     2 ||     2
  Use: Potion            |     1 |     5 ||     6
       Scroll            |       |     5 ||     5
 Stab: Sleeping          |     2 |       ||     2
Armor: Skin              |    66 |   104 ||   170
Dodge: Dodged            |   148 |   138 ||   286
Block: Buckler           |    11 |    93 ||   104

Table legend: (Time is in decaauts)
 A = Elapsed time spent in this place.
 B = Non-inter-level travel time spent in this place.
 C = Inter-level travel time spent in this place.
 D = Time resting spent in this place.
 E = Time spent auto-exploring this place.
 F = Levels seen in this place.
 G = Mean time per level.
                   A        B        C        D        E       F      G
               +--------+--------+--------+--------+--------+-----+--------+
         Total |   6511 |   6307 |    204 |    505 |   4505 |   4 | 1627.8 |
       Dungeon |   6511 |   6307 |    204 |    505 |   4505 |   4 | 1627.8 |
               +--------+--------+--------+--------+--------+-----+--------+

Top non-repeatable levels by time:
     D:1: 2820 daAuts
     D:2: 1346 daAuts
     D:3: 1338 daAuts
     D:4: 1006 daAuts
